[Event "*** Titled Tuesday 3|2 Blitz"]
[Site "Chess.com"]
[Date "2015.12.01"]
[Round "7"]
[White "adypady02"]
[Black "dretch"]
[Result "1-0"]
[WhiteElo "2506"]
[BlackElo "2445"]
[TimeControl "180+2"]
[EndTime "18:31:12 PST"]
[Termination "adypady02 won by resignation"]

1. Nf3 d5 2. g3 Nc6 3. Bg2 Bg4 4. d4 Qd7 5. h3 Bf5 6. Nbd2 Nb4 7. e4 dxe4 8. Nh4 e3 9. Nxf5 Qxf5 10. Ne4 exf2+ 11.
Kf1 O-O-O 12. c3 Qb5+ 13. Kxf2 Nd3+ 14. Kg1 Nxc1 15. Qxc1 e5 16. Kh2 Nh6 17. dxe5 Qxe5 18. Re1 Be7 19. Qc2 Rhe8 20. Qf2 Kb8 21. Nd2 Qf5 22. Nf3 Bd6 23. Rad1 Qf6 24. Kg1 Nf5 25. Nd4 Bc5 26. Rxe8 Rxe8 27. Kh2 Bxd4 28. cxd4 Qe6 29.
Rf1 Nd6 30. Qf4 Qe3 31. Qg4 g6 32. Rf3 Qe7 33. Rb3 f5 34. Qf3 Ne4 35. Re3 Qd6 36.
Qd1 Nf6 37. Rxe8+ Nxe8 38. Qb3 c6 39. Qg8 Qe7 40. d5 Kc7 41. dxc6 b6 42. Qc4 Nd6 43. Qa6 Kb8 44. Qd3 Kc7 45. Qd5 Kb8 46. Qd4 Kc7 47. Qh8 Ne8 48. Qd4 g5 49. Qa4 Kb8 50. Qb5 f4 51.
gxf4 gxf4 52. Qd5 Qd6 53. Qf3 Nf6 54. Kg1 Kc7 55. Qc3 a5 56. Qc4 Qd1+ 57. Kh2 Qh5 58.
Qxf4+ Kc8 59. Qxf6 1-0

[Event "*** Titled Tuesday 3|2 Blitz"]
[Site "Chess.com"]
[Date "2015.12.01"]
[Round "7"]
[White "MMSANCHEZ"]
[Black "flubs"]
[Result "1-0"]
[WhiteElo "2326"]
[BlackElo "2173"]
[TimeControl "180+2"]
[EndTime "18:31:13 PST"]
[Termination "MMSANCHEZ won by checkmate"]

1. d4 d5 2. c4 c6 3. Nf3 Nf6 4. e3 e6 5. b3 Nbd7 6. Bb2 Bd6 7. Bd3 O-O 8. Ne5 Nxe5 9. dxe5 Bb4+ 10. Nd2 Nd7 11. O-O Bxd2 12. Qxd2 Qc7 13. f4 Rd8 14. Qe2 Nf8 15. h4 c5 16. h5 b6 17. Rad1 Bb7 18.
Qg4 dxc4 19. Bxc4 Be4 20. h6 g6 21. Qg5 f5 22. exf6 Kf7 23. f5 Bxf5 24. Rxd8 Rxd8 25.
Rxf5 b5 26. Rxc5 Rd1+ 27. Bf1 Qd6 28. Rc2 Nd7 29. Qxb5 a6 30. Qe2 e5 31. Qc4+ Kxf6 32.
Rf2+ Kg5 33. Qe2 Kxh6 34. Qf3 Nc5 35. Qf8+ Qxf8 36. Rxf8 Nd3 37. Bc3 e4 38. Bd4 g5 39. Kh2 g4 40. Be2 Rd2 41. Bxg4 Ne1 42. Bh3 Nf3+ 43. Kg3 Nxd4 44. exd4 Rxd4 45. Re8 Kg6 46.
Kf4 Rd2 47. Rxe4 Rxa2 48. Re6+ Kg7 49. Rb6 Rb2 50. Ke5 a5 51. Kd4 a4 52. Kc3 Rb1 53. Kc2 Rxb3 54. Rxb3 axb3+ 55. Kxb3 Kf6 56. Kc3 Kg5 57.
Kd3 Kf4 58. Ke2 Kg3 59. Ke3 Kh4 60. Kf4 Kh5 61. Bf5 Kh6 62. Kg4 Kg7 63. Kh5 Kg8 64. g4 Kh8 65. Kh6 Kg8 66. Bxh7+ Kh8 67. Bb1 Kg8 68.
g5 Kh8 69. g6 Kg8 70. Ba2+ Kh8 71. g7# 1-0

[Event "*** Titled Tuesday 3|2 Blitz"]
[Site "Chess.com"]
[Date "2015.12.01"]
[Round "7"]
[White "MITerryble"]
[Black "Dlugy"]
[Result "0-1"]
[WhiteElo "2601"]
[BlackElo "2548"]
[TimeControl "180+2"]
[EndTime "18:31:36 PST"]
[Termination "Dlugy won by resignation"]

1. d4 Nf6 2. Nf3 g6 3. Bg5 Bg7 4. Nbd2 O-O 5. c3 d6 6. e4 Nc6 7. d5 Nb8 8. Be2 h6 9. Bh4 e6 10. dxe6 Bxe6 11. Nd4 Bd7 12. O-O Nc6 13. Nxc6 Bxc6 14.
Bd3 Re8 15. Re1 Qd7 16. Qf3 Qg4 17. Qxg4 Nxg4 18. h3 Ne5 19. Bf1 Nd7 20. f3 d5 21. exd5 Bxd5 22. Bc4 Nb6 23. Bxd5 Nxd5 24. Bg3 Rad8 25. Nc4 Bf6 26. Rad1 Rxe1+ 27. Bxe1 Nf4 28. Rxd8+ Bxd8 29. Bd2 Nd3 30. b3 Bg5 31. Bxg5 hxg5 32. Nd2 f5 33. Kf1 Kf7 34. a3 Ke6 35. Ke2 Nf4+ 36.
Kf2 b5 37. Nf1 Nd5 38. c4 bxc4 39. bxc4 Nb6 40. Nd2 Na4 41. Ke3 Ke5 42. g3 f4+ 43. gxf4+ gxf4+ 44. Kd3 Nc5+ 45. Kc3 a5 46. h4 Na4+ 47.
Kd3 Nc5+ 48. Kc3 Ne6 49. Nb3 a4 50. Nc1 Nc5 51. Nd3+ Nxd3 52. Kxd3 c5 53. Kc3 Kf6 54. Kd3 Kf5 55. Kd2 g5 56. hxg5 Kxg5 57. Kd3 Kh4 58. Ke4 Kg3 59. Kd5 Kxf3 60. Kxc5 Ke4 61. Kb6 f3 62. c5 f2 63. c6 f1=Q 64. c7 Qf2+ 65. Kb7 Qb2+ 66. Ka8 Qc3 67. Kb8 Qb3+ 68. Ka8 Qc4 69.
Kb8 Qb5+ 70. Ka8 Qc6+ 71. Kb8 Kd3 72. c8=Q Qxc8+ 73. Kxc8 Kc3 74. Kc7 Kb3 75. Kd6 Kxa3 0-1

[Event "*** Titled Tuesday 3|2 Blitz"]
[Site "Chess.com"]
[Date "2015.12.01"]
[Round "7"]
[White "Penguininja"]
[Black "norwaytoadog"]
[Result "1-0"]
[WhiteElo "2169"]
[BlackElo "1893"]
[TimeControl "180+2"]
[EndTime "18:31:58 PST"]
[Termination "Penguininja won on time"]

1. d4 Nf6 2. c4 e6 3. g3 Bb4+ 4. Bd2 a5 5. Bg2 Nc6 6. e3 d6 7.
Ne2 e5 8. O-O O-O 9. Nbc3 Bg4 10.
d5 Ne7 11. Qc2 Qd7 12. a3 Bc5 13. Rab1 a4 14. Kh1 Bh3 15. Ng1 Bxg2+ 16. Kxg2 Qg4 17. f3 Qxc4 18. e4 Nd7 19. g4 Ng6 20. Nge2 Bd4 21. Kg3 Nc5 22. h4 Nd3 23. h5 Ngf4 24. Nxf4 exf4+ 25. Bxf4 Nxf4 26. Kxf4 Be5+ 27. Ke3 g6 28. Qd3 Qc5+ 29. Ke2 f5 30. hxg6 hxg6 31. gxf5 gxf5 32. Rg1+ Kf7 33. Qb5 Qxb5+ 34. Nxb5 Rh8 35. Rg2 c6 36. Nc3 f4 37. Rbg1 c5 38. Kd3 Ra5 39. Rg6 b5 40. Ke2 b4 41. Nd1 bxa3 42. bxa3 Rb5 43. Ke1 Rh2 44. R6g5 Rb3 45. Rf5+ Ke7 46. Rg6 Rh1+ 47.
Kd2 Rh7 48. Re6+ Kd7 49. Rfxe5 dxe5 50. Nc3 Rxa3 51. Rxe5 Rh2+ 52. Kd3 Rh3 53. Kc4 Rxf3 54. Nb5 Ra1 55. Kxc5 Rc1+ 56. Kb6 a3 57. Nd4 Rd3 58. Nc6 a2 59. Re7+ Kd6 60. Re6+ Kd7 61. Ne5+ Kd8 62.
Nc6+ 1-0

[Event "*** Titled Tuesday 3|2 Blitz"]
[Site "Chess.com"]
[Date "2015.12.01"]
[Round "7"]
[White "Tirantes"]
[Black "Gabrinsky"]
[Result "1/2-1/2"]
[WhiteElo "2263"]
[BlackElo "2343"]
[TimeControl "180+2"]
[EndTime "18:32:00 PST"]
[Termination "Game drawn - insufficient material"]

1. c4 e6 2. Nf3 Nf6 3. d4 Bb4+ 4. Bd2 Qe7 5. g3 Nc6 6. Bg2 Bxd2+ 7. Nbxd2 d6 8. e4 e5 9. d5 Nb8 10. b4 a5 11. a3 O-O 12. O-O Na6 13. Qb3 Bg4 14. Qc3 Rfc8 15. Nh4 Bd7 16. Rfb1 axb4 17. axb4 b5 18.
h3 c6 19. cxb5 cxb5 20. Qb2 Qd8 21. Ra5 Qb6 22. Rba1 Nc7 23. Nhf3 Ra6 24. Rxa6 Nxa6 25. Ra5 h6 26. Ne1 Nh7 27. h4 Nf8 28. Nd3 f5 29. Qa1 Ra8 30. exf5 Bxf5 31. Ne4 Nd7 32. Ra3 Nf6 33. Nxf6+ gxf6 34. Qc1 Kg7 35. Bf1 Rc8 36. Rc3 Rxc3 37. Qxc3 Qc7 38. Qxc7+ Nxc7 39. Nc1 Nxd5 40. Bxb5 Nxb4 41. f4 Nc2 42. fxe5 fxe5 43. Kf2 Nd4 44. Ba6 Kf6 45. Na2 Be6 46. Nc3 Bd7 47. Bc4 Bc6 48. g4 Ne6 49. Ke3 Nc7 50. Ne4+ Bxe4 51. Kxe4 Ne6 52. Kd5 Ke7 53. Bb3 Nf4+ 54. Ke4 Kf6 55. Bc4 Ng6 56. g5+ hxg5 57. hxg5+ Ke7 58. Kf5 Nf4 59. g6 Nh5 60. Bb3 Ng7+ 61. Kg5 Ne8 62. Bc4 Kf8 63. Kf5 Ke7 64. Kg5 Ng7 65. Bb3 e4 66.
Kf4 Kf6 67. Bf7 d5 68. Bxd5 Kxg6 69. Bxe4+ Kf6 70. Ke3 Ne6 71. Bd5 Ng5 72. Kf4 Ne4 73. Bxe4 1/2-1/2

[Event "*** Titled Tuesday 3|2 Blitz"]
[Site "Chess.com"]
[Date "2015.12.01"]
[Round "7"]
[White "Iball95"]
[Black "Fandorine"]
[Result "1-0"]
[WhiteElo "2438"]
[BlackElo "2517"]
[TimeControl "180+2"]
[EndTime "18:32:06 PST"]
[Termination "Iball95 won by checkmate"]

1. e4 c6 2. d4 d5 3. Nd2 dxe4 4.
Nxe4 Bf5 5. Nc5 b6 6. Nb3 e6 7. Nf3 Nf6 8. g3 Nbd7 9. Bg2 Rc8 10. O-O Be7 11. h3 O-O 12. Re1 c5 13. Nh4 Bg6 14.
Nxg6 hxg6 15. Be3 c4 16. Nc1 b5 17. c3 Nb6 18. Ne2 a5 19. Nf4 b4 20. Rc1 Nbd5 21.
Nxd5 Nxd5 22. h4 Rb8 23. Qe2 Qc7 24. cxb4 Nxe3 25. Qxe3 Rxb4 26. b3 a4 27. Bf1 axb3 28. axb3 Qb6 29. Bxc4 Bf6 30. Rcd1 Qd6 31. d5 e5 32. Ra1 Rb6 33. Ra7 Re8 34. Qd3 Qc5 35. Ra4 Rd6 36. Kg2 Bd8 37. Qe3 Qxe3 38. Rxe3 f5 39. Bb5 Re7 40. Bc6 Kf7 41. Ra8 e4 42. b4 Bb6 43. Re2 Kf6 44. Rb8 Ba7 45. Ra8 Ke5 46.
Ra2 Bd4 47. Rb8 f4 48. gxf4+ Kxf4 49. b5 g5 50. hxg5 Rg6 51. b6 e3 52. Rf8+ Kxg5 53.
b7 Kh4+ 54. Kf1 exf2 55. Raxf2 Rxb7 56. Bxb7 Bc5 57. Bc6 Rg3 58. Rg2 Rc3 59. Rh8# 1-0

[Event "*** Titled Tuesday 3|2 Blitz"]
[Site "Chess.com"]
[Date "2015.12.01"]
[Round "7"]
[White "Gabrielian_Artur"]
[Black "GianmarcoVaR"]
[Result "1/2-1/2"]
[WhiteElo "2435"]
[BlackElo "2307"]
[TimeControl "180+2"]
[EndTime "18:32:28 PST"]
[Termination "Game drawn - insufficient material"]

1. e4 c5 2. Nf3 d6 3. d4 cxd4 4. Nxd4 Nf6 5. Nc3 a6 6. Be2 e5 7. Nb3 Be7 8. O-O O-O 9. Be3 Be6 10. a4 Nc6 11. a5 Nb4 12. Bb6 Qd7 13. Bf3 Rac8 14.
Re1 Bd8 15. Be3 Re8 16. h3 d5 17. Nc5 Qc6 18. exd5 Nbxd5 19. Nxe6 Nxc3 20. Bxc6 Nxd1 21. Bxb7 Nxe3 22. Bxc8 Nxc2 23. Nxd8 Rxd8 24. Bxa6 Nxe1 25. Rxe1 Ra8 26. Bf1 Rxa5 27. b4 Rd5 28. b5 Nd7 29. Ra1 Kf8 30. g3 Ke7 31. Ra7 Kd6 32. h4 g6 33. Kg2 f5 34. Ra6+ Kc7 35. h5 Rd6 36. Ra7+ Kb8 37. Ra4 gxh5 38. Be2 Rh6 39.
Kh3 Nf6 40. Kh4 Ne4 41. Bxh5 Nf6 42. Kg5 Rxh5+ 43. Kxf6 f4 44. gxf4 exf4 45. Rxf4 Rxb5 46. Rc4 h5 47. f4 h4 48. f5 h3 49. Rh4 Rb3 50. Kf7 Kc7 51. f6 Kd6 52. Rd4+ Ke5 53. Rd2 Rf3 54. Re2+ Kd6 55. Kg7 Rg3+ 56. Kf8 Rg2 57. Re3 h2 58. Rh3 Rf2 59. f7 Ke6 60.
Rh6+ Rf6 61. Rxf6+ Kxf6 62. Ke8 h1=Q 63. f8=Q+ Ke5 64. Qg7+ Kf4 65. Qf6+ Kg3 66. Qe5+ Kg2 67. Qe4+ Kg1 68. Qxh1+ Kxh1 1/2-1/2

[Event "*** Titled Tuesday 3|2 Blitz"]
[Site "Chess.com"]
[Date "2015.12.01"]
[Round "7"]
[White "Cararay"]
[Black "ntmh281"]
[Result "1/2-1/2"]
[WhiteElo "2219"]
[BlackElo "2121"]
[TimeControl "180+2"]
[EndTime "18:34:42 PST"]
[Termination "Game drawn by repetition"]

1. c4 e6 2. Nc3 d5 3. cxd5 exd5 4. d4 c6 5. Nf3 Bf5 6. Bg5 Qc7 7. e3 Nd7 8. Bd3 Bg4 9. Bh4 Bd6 10. Bg3 Ngf6 11. Qc2 Bxg3 12. hxg3 h6 13. O-O O-O 14. b4 a6 15. a4 Rfc8 16. a5 Qd6 17. Rab1 Re8 18. Rfe1 Re7 19. Na4 Rae8 20. Nc5 Nf8 21. Ne5 Bc8 22. Bf5 N8d7 23. Bxd7 Nxd7 24. Nexd7 Bxd7 25. Nxb7 Qf6 26. Qc5 Bf5 27. Nd6 Bxb1 28. Nxe8 Rxe8 29. Rxb1 Qg6 30. Rc1 Rb8 31. Qa7 Rxb4 32. Qxa6 Ra4 33. Qb6 Ra2 34. a6 Kh7 35. a7 Qf5 36. Rf1 Qc8 37.
Qb8 Qa6 38. Qc7 Qxa7 39. Qxc6 Qa5 40. g4 g6 41. Qd7 Kg7 42. Rb1 Qd2 43. Rf1 Qa5 44.
Qd6 Qb5 45. Qe5+ Kh7 46. Qf6 Qd7 47. Rb1 Ra7 48. Rb8 Ra1+ 49. Kh2 Qc7+ 50. Qe5 Qxe5+ 51. dxe5 Rd1 52. Rb7 Kg8 53. Kg3 Rd2 54. Rd7 g5 55.
Kf3 Kf8 56. Kg3 Kg8 57. f3 Kf8 58. e4 d4 59. Rd6 Kg7 60. e6 fxe6 61. Rxe6 d3 62.
Rd6 Rd1 63. Kf2 d2 64. Ke3 Re1+ 65. Kxd2 Rg1 66. e5 Rxg2+ 67. Ke3 Rh2 68. Ke4 Rf2 69. Rd7+ Kg6 70. Rd6+ Kg7 71. Rf6 Re2+ 72. Kf5 Re3 73. Ke6 Ra3 74. Rf5 Ra6+ 75. Kd5 Ra5+ 76. Kd6 Ra6+ 77.
Kc5 Ra5+ 78. Kb6 Ra1 79. Kc7 Ra7+ 80. Kd8 Ra8+ 81. Ke7 Ra7+ 82. Ke6 Ra6+ 83. Kd5 Ra5+ 84. Ke4 Ra4+ 85. Ke3 Ra3+ 86. Kf2 Ra2+ 87. Kg3 Re2 88. Kh3 Kg8 89. Kg3 Kg7 90. Kh3 Kg8 91. Kg3 Kg7 92.
Kh3 1/2-1/2

[Event "*** Titled Tuesday 3|2 Blitz"]
[Site "Chess.com"]
[Date "2015.12.01"]
[Round "8"]
[White "jlandaw"]
[Black "JustKid"]
[Result "1-0"]
[WhiteElo "2365"]
[BlackElo "2112"]
[TimeControl "180+2"]
[EndTime "18:39:43 PST"]
[Termination "jlandaw won by resignation"]

1. e4 d5 2. exd5 Qxd5 3. Nc3 Qd8 4. d4 Nf6 5. Bc4 a6 6. a4 Nc6 7. Nf3 Bf5 8. Bf4 e6 9. O-O Bd6 10. Ne2 Nb4 11. c3 Nbd5 12. Bxd6 cxd6 13. Ng3 Bg6 14.
Re1 O-O 15. Nh4 Rc8 16. Bb3 Ne7 17. a5 h6 18. Nxg6 Nxg6 19. Bc2 Ne7 20. Qd3 d5 21. f4 Qd6 22. f5 exf5 23. Nxf5 Nxf5 24. Qxf5 Rfe8 25.
Re5 g6 26. Qf4 Nh5 27. Rxe8+ 1-0

[Event "*** Titled Tuesday 3|2 Blitz"]
[Site "Chess.com"]
[Date "2015.12.01"]
[Round "8"]
[White "Viaje"]
[Black "chessbia"]
[Result "0-1"]
[WhiteElo "2167"]
[BlackElo "2081"]
[TimeControl "180+2"]
[EndTime "18:40:34 PST"]
[Termination "chessbia won by resignation"]

1. d4 d5 2. c4 c6 3. Nf3 Nf6 4. Qc2 dxc4 5. e4 b5 6. b3 cxb3 7. axb3 e6 8. Bd2 Be7 9. Ba5 Qd7 10. Nbd2 O-O 11. Bd3 Bd8 12. e5 Nd5 13. Bxh7+ Kh8 14. h4 Bxa5 15. Rxa5 Na6 16. h5 Nab4 17. Qb1 Nc3 18. Qb2 Nbd5 19. Bd3 b4 20. h6 g6 21.
Nc4 Nf4 22. Bf1 Bb7 23. Qd2 Nfd5 24. Nd6 Ne4 25. Qc2 Nxd6 26. exd6 Qxd6 27. Ne5 Kh7 28. Bd3 Nf4 29. Ng4 Qxd4 30. Bf1 c5 31. Rxc5 Bxg2 32.
Rc4 Qa1+ 33. Kd2 Bxh1 0-1

[Event "*** Titled Tuesday 3|2 Blitz"]
[Site "Chess.com"]
[Date "2015.12.01"]
[Round "8"]
[White "gmjoey1"]
[Black "HansCoolNiemann"]
[Result "1-0"]
[WhiteElo "2427"]
[BlackElo "2195"]
[TimeControl "180+2"]
[EndTime "18:40:47 PST"]
[Termination "gmjoey1 won by resignation"]

1. e4 e6 2. d4 d5 3. Nc3 Nf6 4. Bg5 dxe4 5. Nxe4 Be7 6. Bxf6 gxf6 7. Nf3 f5 8. Ng3 c5 9. Bb5+ Nc6 10. O-O Bd7 11. d5 exd5 12. Qxd5 a6 13. Bxc6 bxc6 14. Qe5 f6 15.
Qf4 Qb8 16. Qh4 Qxb2 17. Rfe1 O-O-O 18. Rab1 Qxc2 19. Qf4 Be6 20. Rb8+ Kd7 21. Rb7+ Ke8 22. Rxe6 Rd1+ 23. Ne1 Kf8 24. Qh6+ Ke8 25. Rexe7+ Kd8 26. Qxf6 Rxe1+ 27. Rxe1+ Kc8 28. Qg7 1-0

[Event "*** Titled Tuesday 3|2 Blitz"]
[Site "Chess.com"]
[Date "2015.12.01"]
[Round "8"]
[White "ChadaevNikolay"]
[Black "jcibarra"]
[Result "0-1"]
[WhiteElo "2526"]
[BlackElo "2518"]
[TimeControl "180+2"]
[EndTime "18:41:48 PST"]
[Termination "jcibarra won on time"]

1. e4 c5 2. Nf3 Nf6 3. e5 Nd5 4. Nc3 e6 5. Nxd5 exd5 6. d4 Nc6 7. dxc5 Bxc5 8. Bd3 d6 9. exd6 O-O 10. O-O Qxd6 11.
h3 h6 12. Re1 Bxh3 13. gxh3 Qg3+ 14. Kh1 Bxf2 15. Rf1 Qxh3+ 16. Nh2 Bg3 17. Qe2 Ne5 18. Qg2 Qh4 19. Be2 f5 20. Qxd5+ Kh8 21. Qg2 f4 22. Kg1 Rad8 23. Nf3 Qf6 24. Nxe5 Qxe5 25. Bd3 Qc5+ 26.
Kh1 Rd5 27. Qxg3 Rh5+ 28. Kg2 fxg3 0-1

[Event "*** Titled Tuesday 3|2 Blitz"]
[Site "Chess.com"]
[Date "2015.12.01"]
[Round "8"]
[White "cheese111"]
[Black "Gabrielian_Artur"]
[Result "0-1"]
[WhiteElo "2207"]
[BlackElo "2446"]
[TimeControl "180+2"]
[EndTime "18:42:36 PST"]
[Termination "Gabrielian_Artur won by resignation"]

1. e4 c5 2. Nf3 d6 3. Bb5+ Nd7 4. d4 cxd4 5. Qxd4 a6 6. Bxd7+ Bxd7 7. c4 b5 8. cxb5 axb5 9. Nc3 e5 10. Qd3 Nf6 11.
Bg5 Be7 12. Bxf6 gxf6 13. O-O Rg8 14. Nd5 f5 15. exf5 Ra4 16. Nc3 Rag4 17. Ne1 Qa8 18. f3 Rd4 19. Qe2 b4 20. Nb5 Bxb5 21.
Qxb5+ Kf8 22. Qe2 Qd5 23. a4 bxa3 24. Rxa3 Rd2 25. Qe4 Qc5+ 26. Kh1 Rg5 27. Rc3 Qb5 28. Nd3 Rgxg2 29. Rc8+ Kg7 30. f6+ Bxf6 31. Rg1 Rxg1+ 32. Kxg1 Qxd3 0-1

[Event "*** Titled Tuesday 3|2 Blitz"]
[Site "Chess.com"]
[Date "2015.12.01"]
[Round "8"]
[White "norwaytoadog"]
[Black "kungmongmanh"]
[Result "1-0"]
[WhiteElo "1908"]
[BlackElo "2342"]
[TimeControl "180+2"]
[EndTime "18:42:46 PST"]
[Termination "norwaytoadog won by resignation"]

1. e4 c5 2. Nc3 e6 3. f4 a6 4.
Nf3 b5 5. a4 b4 6. Ne2 Bb7 7. Ng3 d5 8. Qe2 Nd7 9. d3 Qc7 10. Bd2 Ne7 11. Qf2 Rc8 12. Be2 g6 13. f5 dxe4 14. fxe6 fxe6 15. Ng5 Ne5 16. Qf6 Rg8 17.
Nxe6 Qb8 18. O-O Nd5 19. Qh4 Be7 20. Qxh7 Kd7 21. dxe4 Kxe6 22. exd5+ Bxd5 23. Rae1 Rh8 24. Qg7 Rcg8 25. Bg4+ Kd6 26. Qxe5+ Kc6 27. Qxe7 Kb6 28. a5+ Kxa5 29. Ra1+ Kb6 30. Rf6+ Bc6 31. Bf3 Rc8 32. Qd7 Qb7 33. Bxc6 Rxc6 34. Rxc6+ Qxc6 35. Rxa6+ 1-0

[Event "*** Titled Tuesday 3|2 Blitz"]
[Site "Chess.com"]
[Date "2015.12.01"]
[Round "8"]
[White "Kacparov"]
[Black "Gevorg_Harutjunyan"]
[Result "1-0"]
[WhiteElo "2556"]
[BlackElo "2514"]
[TimeControl "180+2"]
[EndTime "18:42:51 PST"]
[Termination "Kacparov won by resignation"]

1. e4 c6 2. d4 d5 3. Nc3 dxe4 4. Nxe4 Bf5 5. Ng3 Bg6 6. Nh3 Nf6 7. c3 Nbd7 8. Bc4 e6 9. Nf4 Bd6 10. Qf3 Qc7 11.
h4 e5 12. Nxg6 hxg6 13. Bg5 O-O-O 14. O-O e4 15. Qe2 Bxg3 16. fxg3 Qxg3 17. Rf4 Rxh4 18.
Rxh4 Qxg5 19. Rh3 Rf8 20. Rf1 Nb6 21. Bb3 Nbd5 22. Bxd5 Qxd5 23. b3 g5 24. Qe3 g4 25.
Rh4 Qe6 26. c4 Rd8 27. Qf4 Rxd4 28. Rh8+ Rd8 29. Rxd8+ Kxd8 30. Qb8+ Ke7 31. Qxb7+ Nd7 32. Qb4+ c5 33. Qd2 e3 34. Qd3 f5 35. Qxf5 Qh6 36.
Qxg4 Ne5 37. Qe4 Qg5 38. Rf5 1-0

[Event "*** Titled Tuesday 3|2 Blitz"]
[Site "Chess.com"]
[Date "2015.12.01"]
[Round "8"]
[White "Dlugy"]
[Black "Boryboy"]
[Result "1/2-1/2"]
[WhiteElo "2548"]
[BlackElo "2537"]
[TimeControl "180+2"]
[EndTime "18:43:04 PST"]
[Termination "Game drawn by agreement"]

1. d4 e6 2. c4 d5 3. Nf3 Nf6 4.
g3 dxc4 5. Qa4+ c6 6. Qxc4 b5 7. Qd3 Bb7 8. Bg2 Nbd7 9. O-O Be7 10. e4 Nc5 11. Qc2 Ncxe4 12. Ne5 Qxd4 13. Nxc6 Qc5 14.
Qxc5 Bxc5 15. Na5 Bd5 16. Nd2 Nxd2 17. Bxd2 O-O 18. Rfc1 Rfc8 19. Bxd5 Nxd5 20. Kg2 f6 21. a4 a6 22. Nb3 Bb6 23. axb5 axb5 24. Rxa8 Rxa8 25.
Rc6 Kf7 26. Nc5 Bxc5 27. Rxc5 b4 28. Rc4 Ra2 29. Bxb4 Rxb2 30. Bc5 Rb7 31. Ra4 h5 32. h4 Kg6 33. Ra6 Kf5 34. Ra2 Rb3 35. Bf8 g6 36. Re2 e5 37. Rd2 Nc7 38. Bc5 Ne6 39. Be3 g5 40.
hxg5 fxg5 41. Rd7 h4 42. gxh4 gxh4 43. Rh7 h3+ 44. Rxh3 Nf4+ 45. Bxf4 Rxh3 46. Kxh3 Kxf4 47. Kg2 Ke4 1/2-1/2

[Event "*** Titled Tuesday 3|2 Blitz"]
[Site "Chess.com"]
[Date "2015.12.01"]
[Round "8"]
[White "Alliswell998"]
[Black "oskariot"]
[Result "1-0"]
[WhiteElo "2148"]
[BlackElo "2225"]
[TimeControl "180+2"]
[EndTime "18:43:08 PST"]
[Termination "Alliswell998 won by resignation"]

1. e4 c5 2. Nc3 e6 3. f4 Nc6 4. Nf3 Nge7 5. Bb5 a6 6. Bxc6 Nxc6 7. O-O Be7 8. d4 cxd4 9. Nxd4 O-O 10. Kh1 d6 11.
Be3 Bd7 12. Qh5 Nxd4 13. Bxd4 Bc6 14. Rae1 Bf6 15. Bxf6 Qxf6 16. Qf3 b5 17. a3 Rac8 18. Rd1 Rfd8 19. Qe3 Qe7 20. Rd2 Rd7 21. Rfd1 Qd8 22. Qd4 Qc7 23. Rd3 Bb7 24. Rg3 e5 25. fxe5 g6 26. exd6 Qc6 27. Nd5 Qxd6 28. Ne7+ Qxe7 29.
Qxd7 Qxe4 30. Qd3 Rxc2 31. Qxe4 Bxe4 32. Re1 f5 33. b4 Kg7 34. h4 h5 35. Rd1 f4 36. Rg5 f3 37. Rd7+ Kf6 38. gxf3 Bxf3+ 39. Kg1 Be4 40. Rd6+ Kf7 41. Rxa6 Bf5 42. Ra5 Bd3 43.
Ra7+ Kf6 44. Ra6+ Kf7 45. Rc5 Rxc5 46. bxc5 Ke7 47. Rd6 Be4 48. Kf2 Bf5 49. Ke3 1-0

[Event "*** Titled Tuesday 3|2 Blitz"]
[Site "Chess.com"]
[Date "2015.12.01"]
[Round "8"]
[White "MITerryble"]
[Black "adypady02"]
[Result "1-0"]
[WhiteElo "2607"]
[BlackElo "2500"]
[TimeControl "180+2"]
[EndTime "18:43:09 PST"]
[Termination "MITerryble won by resignation"]

1. d4 Nf6 2. Nf3 g6 3. Bg5 Bg7 4. Nbd2 d5 5. c3 O-O 6. e3 Nbd7 7. Be2 c5 8. O-O b6 9. a4 Bb7 10. a5 Qc7 11. Bf4 Qc6 12. a6 Bc8 13. Qb3 c4 14.
Qa3 Re8 15. b3 b5 16. bxc4 bxc4 17. h3 Ne4 18. Nxe4 dxe4 19. Nd2 Nb6 20. Rfb1 Be6 21. Qa5 Bd5 22. Rb5 e6 23. Rab1 Bf8 24. Be5 Be7 25. Bd1 f6 26. Bg3 Kf7 27. Bc2 g5 28. Bd1 Kg6 29.
Qa2 h5 30. Qc2 f5 31. Be5 Rg8 32. Bh2 Raf8 33. f3 g4 34. fxe4 fxe4 35. hxg4 Bh4 36. Nf3 Rxf3 37. Bxf3 Kf7 38. Rc5 Qa4 39. Rc7+ Kf6 40.
Be5+ Kg5 41. Bxe4 Qxc2 42. Bxc2 Kxg4 43. Rf1 Bg5 44. Bd1+ Kh4 45. Kh2 Bxe3 46. Bf6+ 1-0

[Event "*** Titled Tuesday 3|2 Blitz"]
[Site "Chess.com"]
[Date "2015.12.01"]
[Round "8"]
[White "MisaPap"]
[Black "gauranga"]
[Result "1-0"]
[WhiteElo "2388"]
[BlackElo "2047"]
[TimeControl "180+2"]
[EndTime "18:43:44 PST"]
[Termination "MisaPap won on time"]

1. e4 b6 2. d4 Bb7 3. Bd3 Nf6 4. Nd2 e6 5. Ngf3 c5 6. c3 d6 7. O-O Nbd7 8. Re1 e5 9. dxe5 dxe5 10. Nc4 Qc7 11. a4 Be7 12. Qc2 O-O 13. Bg5 Rfe8 14.
Nh4 g6 15. g3 a6 16. Bxf6 Nxf6 17. Ne3 Rad8 18. f3 Rd7 19. Nhg2 Red8 20. Red1 Bf8 21. Bc4 Bh6 22. Rxd7 Rxd7 23. Qe2 Qc8 24. Rd1 Kf8 25. Nd5 Nxd5 26. exd5 Bg7 27. Ne3 f5 28. g4 Rd6 29.
Kh1 Bh6 30. Ng2 Bg7 31. b3 fxg4 32. fxg4 Rf6 33. Rf1 Qd7 34. Rxf6+ Bxf6 35. h3 Kg7 36. Ne3 Bg5 37. Ng2 Bxd5 38. Qxe5+ Bf6 39. Qxd5 Qe7 40. Qd2 Qe5 41. Bxa6 Qg3 42. Qe3 Qd6 43. Bd3 Be5 44. Qe4 Bg3 45. Qf3 Be5 46. Ne1 Bxc3 47. Nc2 Be5 48.
Kg2 1-0

[Event "*** Titled Tuesday 3|2 Blitz"]
[Site "Chess.com"]
[Date "2015.12.01"]
[Round "8"]
[White "StellarChessPro"]
[Black "Tirantes"]
[Result "1-0"]
[WhiteElo "2265"]
[BlackElo "2252"]
[TimeControl "180+2"]
[EndTime "18:44:01 PST"]
[Termination "StellarChessPro won on time"]

1. d4 d5 2. Nf3 e6 3. e3 c5 4. c3 Nf6 5. Bd3 Nbd7 6. Nbd2 Bd6 7. Qe2 O-O 8. e4 dxe4 9. Nxe4 Be7 10. dxc5 Nxc5 11.
Nxc5 Bxc5 12. O-O Bd7 13. Bg5 Bc6 14. Rad1 Qc7 15. Ne5 Be7 16. Nxc6 Qxc6 17. Bb5 Qb6 18.
Be3 Bc5 19. Bg5 Be7 20. Rd4 Rad8 21. Rfd1 Rxd4 22. Rxd4 Rd8 23. Rxd8+ Qxd8 24. Qd3 Qb6 25. Be3 Qc7 26. h3 a6 27. Bc4 h6 28. Bb3 Nd7 29. Bc2 Nf6 30. a4 Bd6 31. a5 e5 32. Bb6 Qe7 33. b4 e4 34. Qc4 g6 35.
Qc8+ Kg7 36. Qc4 Qe5 37. g3 h5 38. Bb3 Qe7 39. Bd4 h4 40. gxh4 Kg8 41. Qc8+ Kg7 42.
Qc4 Be5 43. Be3 Bd6 44. Qe2 Be5 45. Bg5 Qd6 46. Qc4 1-0

[Event "*** Titled Tuesday 3|2 Blitz"]
[Site "Chess.com"]
[Date "2015.12.01"]
[Round "8"]
[White "Assasin14"]
[Black "Cararay"]
[Result "1/2-1/2"]
[WhiteElo "1909"]
[BlackElo "2213"]
[TimeControl "180+2"]
[EndTime "18:44:02 PST"]
[Termination "Game drawn by agreement"]

1. e4 c6 2. d4 d5 3. Nd2 dxe4 4.
Nxe4 Nd7 5. Nf3 Ndf6 6. Ng3 h5 7. h4 Bg4 8. Be2 e6 9. Bg5 Bd6 10. Ne4 Be7 11. Ned2 Qb6 12. Nc4 Qc7 13. Qd2 Nh6 14. Bf4 Qd8 15. O-O-O Nf5 16. Nce5 Nd5 17. Bg3 Bxf3 18. Bxf3 Bxh4 19. Bxh4 Nxh4 20. Be2 g6 21. c4 Nb6 22. Qf4 Nf5 23. g4 Nh6 24. gxh5 g5 25. Qf3 Qe7 26. Qb3 O-O-O 27. a4 Nf5 28. a5 Nd7 29. Ng4 a6 30. h6 Nf6 31. Ne5 Nxd4 32.
Qe3 Nxe2+ 33. Qxe2 Rxd1+ 34. Rxd1 Rxh6 35. Qe3 Rh8 36.
Qa7 Qc7 37. Qa8+ Qb8 38. Qxb8+ Kxb8 39. Nxf7 Rf8 40. Nxg5 Ng4 41. Nxe6 Re8 42. Rd8+ Rxd8 43. Nxd8 Nxf2 1/2-1/2

[Event "*** Titled Tuesday 3|2 Blitz"]
[Site "Chess.com"]
[Date "2015.12.01"]
[Round "8"]
[White "JustaTrickstar"]
[Black "jefferyx"]
[Result "0-1"]
[WhiteElo "2474"]
[BlackElo "2569"]
[TimeControl "180+2"]
[EndTime "18:44:05 PST"]
[Termination "jefferyx won by checkmate"]

1. d4 b5 2. Nf3 Bb7 3. g3 Bxf3 4. exf3 a6 5. Bg2 d5 6. O-O e6 7. f4 g6 8. a4 b4 9. c4 bxc3 10. bxc3 Bg7 11. Nd2 Ne7 12. Ba3 O-O 13. Nf3 Nd7 14.
Ne5 Re8 15. Qd3 c5 16. Rfb1 Nf5 17. Rb7 Nxe5 18. fxe5 Bf8 19. g4 Nh4 20. Bf1 Qc8 21. Rab1 Qc6 22. Bc1 cxd4 23. cxd4 Qxa4 24. Qg3 Qxd4 25.
Qxh4 Qxe5 26. Bb2 Qf4 27. Bf6 e5 28. Bg2 e4 29. Rd7 e3 30. fxe3 Qxe3+ 31. Kh1 Rab8 32.
Rf1 Rb6 33. Bxd5 Rbe6 34. Bxe6 Qe4+ 35. Kg1 Bc5+ 36. Rf2 Qxe6 37. Rd4 Qc6 38. g5 Re1+ 39. Rf1 Re4 40. Qh6 Rg4+ 41. Kf2 Rg2+ 42. Ke3 Qe6+ 43.
Kd3 Qe2+ 44. Kc3 Qc2# 0-1